 Dungeon Crawl Stone Soup version 0.19-a0-1007-g133f65f (webtiles) character file.

1005 stupendous the Thaumaturge (level 8, -6/41 HPs)
             Began as a Deep Elf Wizard on July 20, 2016.
             Was an Initiate of Vehumet.
             Shot with an arrow by a centaur (15 damage)
             ... on level 5 of the Dungeon.
             The game lasted 00:26:11 (3732 turns).

stupendous the Thaumaturge (Deep Elf Wizard)        Turns: 3732, Time: 00:26:11

Health: -6/41      AC:  6    Str:  4    XL:     8   Next: 0%
Magic:  19/31      EV: 13    Int: 26    God:    Vehumet [......]
Gold:   86         SH:  0    Dex: 13    Spells: 4 memorised, 16 levels left

rFire  . . .     SeeInvis .     (no weapon)
rCold  . . .     Gourm    .     a - +0 robe
rNeg   . . .     Faith    .     (no shield)
rPois  .         Spirit   .     b - +0 hat
rElec  .         Dismiss  .     (no cloak)
rCorr  .         Reflect  .     (no gloves)
SustAt .         Harm     .     (no boots)
MR     .....                    (no amulet)
Stlth  ++........               j - ring of magical power
                                m - +4 ring of protection

@: not resistant to hostile enchantments, unstealthy
A: no striking features
a: Renounce Religion


You were on level 5 of the Dungeon.
You worshipped Vehumet.
Vehumet was noncommittal.
You were not hungry.

You visited 2 branches of the dungeon, and saw 8 of its levels.

You collected 86 gold pieces.

Inventory:

Hand Weapons
 l - a cursed -2 dagger
Armour
 a - a +0 robe (worn)
 b - a +0 hat (worn)
Jewellery
 e - an uncursed ring of sustain attributes
 h - an uncursed ring of ice
 j - a ring of magical power (right hand)
 m - a +4 ring of protection (left hand)
 w - an uncursed ring of stealth {unknown}
Wands
 v - a wand of random effects (31/48)
Scrolls
 g - 2 scrolls of remove curse
 p - a scroll of fear
 q - 3 scrolls of identify
 r - a scroll of fog {unknown}
 s - a scroll of torment {unknown}
Potions
 i - 2 potions of haste
 k - a potion of might
 o - a potion of curing
 t - a potion of brilliance
Books
 c - a book of Minor Magic

   Spells                             Type                      Level
   a - Magic Dart                     Conjuration                  1
   b - Blink                          Translocation                2
   c - Call Imp                       Summoning                    2
   d - Repel Missiles                 Charms/Air                   2
   e - Slow                           Hexes                        2
   f - Conjure Flame                  Conjuration/Fire             3
   g - Mephitic Cloud                 Conjuration/Poison/Air       3
Comestibles
 d - 2 bread rations
 f - 2 beef jerkies
 n - a meat ration
 u - 4 chunks of flesh


   Skills:
 - Level 2.4 Dodging
 - Level 2.4 Stealth
 * Level 8.9 Spellcasting
 + Level 5.6 Conjurations
 - Level 1.1 Summonings
 - Level 1.1 Translocations
 + Level 5.1 Fire Magic


You had 16 spell levels left.
You knew the following spells:

 Your Spells              Type           Power        Failure   Level  Hunger
a - Magic Dart            Conj           ####         1%          1    None
b - Conjure Flame         Conj/Fire      #####...     1%          3    None
c - Blink                 Tloc           N/A          6%          2    None
d - Call Imp              Summ           ###.....     6%          2    None


Dungeon Overview and Level Annotations

Branches:
Dungeon (7/15)             Temple (1/1) D:6

Altars:
Cheibriados
Fedhas
Gozag
Hepliaklqana
Kikubaaqudgha
Makhleb
Nemelex Xobeh
Pakellas
Qazlal
Ru
Sif Muna
Uskayaw
Vehumet
Xom
Yredelemnul
Zin
The Shining One


Message History

Confirm with . or Enter, or press ? or * to list all spells.
Okay, then.
You feel better.
The centaur shoots an arrow.
The arrow hits you but does no damage.
The centaur shoots an arrow.
The arrow completely misses you.
Casting: Magic Dart
Confirm with . or Enter, or press ? or * to list all spells.
Okay, then.
Unknown command.
Unknown command.
Unknown command.
Unknown command.
Casting: Magic Dart
Confirm with . or Enter, or press ? or * to list all spells.
Aiming: Conjure Flame
Press: ? - help, Dir - move target cursor The fire roars!
The centaur shoots an arrow.
The arrow closely misses you.
The centaur shoots an arrow.
The arrow closely misses you.
The centaur shoots an arrow.
The arrow hits you!
You die...

...... ....... ###
#....... ..# #....... #.#
##....... #.# #........
######>#### ####.#......
#......@..# #.c..#......
#.........###.#.........
#...........c(#.........
...........#..(..###(....
............((.####......
...........#.#.# #......
#............#... ......#
........##.##.###)###..#
#####.. #.##.# c. ..#


You could see a centaur.

Vanquished Creatures
  The ghost of Fhqwhgads the Slasher, an amateur FoFi (D:4)
  Sigmund (D:6)
  A necrophage (D:7)
  2 ogres (D:6)
  A centaur (D:6)
  The ghost of Charmandara the Caller, an amateur TeSu (D:3)
  A howler monkey (D:3)
  A centaur zombie (D:5)
  2 orc wizards (D:3)
  4 adders
  A shadow imp (D:6)
  An ooze (D:2)
  2 worms
  6 dart slugs
  4 giant geckos
  2 orcs
  11 bats
  3 giant cockroaches
  7 goblins
  9 hobgoblins
  3 jackals (D:2)
  6 kobolds
  2 ball pythons
  4 giant newts
  11 rats
87 creatures vanquished.

Notes
Turn   | Place    | Note
-------+----------+-------------------------------------------
     0 | D:1      | stupendous the Deep Elf Wizard began the quest for the Orb.
     0 | D:1      | Reached XP level 1. HP: 10/10 MP: 7/7
   392 | D:1      | Reached XP level 2. HP: 15/15 MP: 7/9
   693 | D:1      | Reached skill level 5 in Spellcasting
   997 | D:2      | Reached XP level 3. HP: 19/19 MP: 11/11
  1007 | D:2      | Learned a level 3 spell: Conjure Flame
  1010 | D:2      | Learned a level 2 spell: Blink
  1013 | D:2      | Learned a level 2 spell: Call Imp
  1182 | D:2      | Reached skill level 1 in Fire Magic
  1335 | D:2      | Found a glowing golden altar of the Shining One.
  1515 | D:2      | Found a hazy altar of Hepliaklqana.
  1912 | D:3      | Noticed Charmandara's ghost (amateur TeSu)
  1926 | D:2      | Reached XP level 4. HP: 20/24 MP: 13/13
  2007 | D:3      | Killed Charmandara's ghost
  2007 | D:3      | Reached XP level 5. HP: 25/28 MP: 12/15
  2088 | D:3      | Reached skill level 6 in Spellcasting
  2522 | D:3      | Found a deep blue altar of Sif Muna.
  2538 | D:3      | Reached XP level 6. HP: 32/32 MP: 17/17
  2891 | D:4      | Found a shimmering altar of Xom.
  2908 | D:4      | Noticed Fhqwhgads's ghost (amateur FoFi)
  3170 | D:4      | Killed Fhqwhgads's ghost
  3170 | D:4      | Reached skill level 7 in Spellcasting
  3216 | D:4      | You fall through a shaft for 3 floors!
  3229 | D:7      | Found a glowing golden altar of the Shining One.
  3269 | D:7      | Reached XP level 7. HP: 36/36 MP: 19/19
  3325 | D:6      | Reached skill level 5 in Conjurations
  3346 | D:6      | Reached skill level 8 in Spellcasting
  3537 | D:6      | Found a staircase to the Ecumenical Temple.
  3538 | D:6      | Noticed Sigmund
  3553 | D:6      | Killed Sigmund
  3553 | D:6      | Reached skill level 5 in Fire Magic
  3582 | Temple   | Entered the Ecumenical Temple
  3607 | Temple   | Became a worshipper of Vehumet
  3689 | D:5      | Entered Level 5 of the Dungeon
  3722 | D:5      | Reached XP level 8. HP: 19/41 MP: 19/22
  3724 | D:5      | HP: 1/41 [centaur/arrow (8)]
  3732 | D:5      | Shot with an arrow by a centaur

Vault maps used:
D:1:      dpeg_arrival_tiny_c
D:2:      lemuel_round_altar, lemuel_round_altar
D:3:      led_sif_book
D:4:      nicolae_overflow_hidden_temple, serial_glass, glass_columns_b,
          glass_columns_a, first_bread
D:5:      serial_shops, shop, st_stairs_3, uniq_prince_ribbit1, uniq_duvessa,
          uniq_pikel
D:6:      hangedman_decor_diamond_cutter, minmay_misc_feat_alley,
          uniq_crazy_yiuf_cottage, uniq_sigmund
D:7:      grunt_ogre_cave, lemuel_tele_altar
Temple:   jpeg_temple_clearing

Skill      XL: |  1  2  3  4  5  6  7 |
---------------+----------------------+-----
Conjurations   | 2 3 4 5 |  5.6
Spellcasting   | 5 6 7 8 |  8.9
Fire Magic     | 1 2 3 4 5 |  5.1
Dodging        | |  2.4
Stealth        | |  2.4
Summonings     | |  1.1
Translocations | |  1.1

Action                   |  1- 3 |  4- 6 |  7- 9 || total
-------------------------+-------+-------+-------++-------
 Cast: Magic Dart        |   116 |    99 |    49 ||   264
       Conjure Flame     |     2 |     8 |     6 ||    16
       Call Imp          |       |     7 |       ||     7
  Use: Scroll            |     3 |     8 |       ||    11
       Potion            |       |       |     1 ||     1
  Eat: Chunk             |     3 |     3 |     2 ||     8
Armor: Robe              |    15 |     9 |     4 ||    28
Dodge: Dodged            |    22 |    16 |    19 ||    57
